 Dungeon Crawl Stone Soup version 0.15.1-4-gac8487e (webtiles) character file.

48272 Johnny the Frost Mage (level 13, -1/100 (107) HPs)
             Began as a Demigod Ice Elementalist on Oct 13, 2014.
             Slain by an orc warlord
             ... wielding a +6 long sword of slicing
              (36 damage)
             ... on Level 3 of the Orcish Mines.
             The game lasted 01:39:17 (30859 turns).

Johnny the Frost Mage (Demigod Ice Elementalist)   Turns: 30859, Time: 01:39:17

HP  -1/100 (107) AC 12     Str 14      XL: 13   Next: 75%
MP  24/41        EV 15     Int 26      God:
Gold 2204        SH  0     Dex 16      Spells:  4 memorised, 16 levels left

rFire  . . .     SeeInvis +     k - +9 falchion of Modesty {slice, rPois MR+ SInv}
rCold  . . .     Clarity  .     N - +2 troll leather armour
rNeg   . . .     rCorr    .     (no shield)
rPois  +         rRot     .     p - +2 hat
rElec  .         Spirit   .     F - +0 cloak
SustAb .         Warding  .     e - +0 pair of gloves {archery}
rMut   .         Stasis   .     S - +0 pair of boots
Gourm  .                        y - amulet of rage
MR     +++..                    G - ring of magical power
                                Z - ring of protection from magic

@: very slightly contaminated, invisible, extremely resistant to hostile
enchantments, fairly stealthy
A: beak
a: Evoke Berserk Rage


You were on level 3 of the Orcish Mines.
You were hungry.

You visited 3 branches of the dungeon, and saw 23 of its levels.
You also visited: Ossuary.

You collected 2204 gold pieces.

Inventory:

Hand weapons
 k - the +9 falchion of Modesty (weapon) {slice, rPois MR+ SInv}
   (You found it on level 8 of the Dungeon)

   It inflicts extra damage upon your enemies.
   It protects you from poison.
   It affects your resistance to hostile enchantments.
   It enhances your eyesight.
Armour
 e - a +0 pair of gloves of archery (worn)
 p - a +2 hat (worn)
 F - a +0 cloak (worn)
 N - a +2 troll leather armour (worn)
 S - a +0 pair of boots (worn)
Magical devices
 b - a wand of confusion (0)
 d - a wand of lightning (6)
 x - a wand of confusion (13)
 R - a wand of paralysis (10)
 U - a wand of invisibility (1)
 Y - a wand of confusion (13)
Comestibles
 a - a beef jerky
 c - 14 bread rations
 h - 4 fruits
 o - 11 meat rations
 s - 8 slices of pizza
 L - 11 royal jellies
Scrolls
 i - 3 scrolls of teleportation
 l - 5 scrolls of enchant weapon
 m - 5 scrolls of remove curse
 q - 6 scrolls of recharging
 t - 2 scrolls of summoning {unknown}
 w - 3 scrolls of magic mapping
 B - a scroll of amnesia
 E - 9 scrolls of fog
 K - a scroll of fear
 P - a scroll of holy word {unknown}
Jewellery
 j - a cursed ring of see invisible
 y - an amulet of rage (around neck)
 z - an uncursed ring of flight
 G - a ring of magical power (right hand)
 Z - a ring of protection from magic (left hand)
Potions
 f - 7 potions of agility
 g - 5 potions of heal wounds
 n - 3 potions of resistance
 r - a potion of curing
 u - a potion of invisibility
 v - 3 potions of restore abilities
 D - 3 potions of haste
 H - 4 potions of brilliance
 I - 3 potions of might
 J - a potion of lignification
 O - 2 potions of degeneration {unknown}
 Q - a potion of berserk rage {unknown}
 T - a potion of magic {unknown}
 V - 2 potions of poison {unknown}
 W - 2 potions of cancellation
Books
 M - a book of Spatial Translocations

   Spells                             Type                      Level
   Apportation                        Translocation                1
   Blink                              Translocation                2
   Shroud of Golubria                 Charms/Translocation         2
   Portal Projectile                  Translocation                3
   Teleport Other                     Translocation                3
   Passage of Golubria                Translocation                4
Miscellaneous
 X - a stone of tremors (inert)


   Skills:
 * Level 8.2 Fighting
 * Level 6.0 Long Blades
   Level 3.3 Axes
 + Level 5.5 Armour
 + Level 6.1 Dodging
 + Level 6.1 Stealth
 * Level 8.2 Spellcasting
 * Level 7.8 Conjurations
 * Level 5.5 Charms
 * Level 7.8 Summonings
 * Level 8.6 Ice Magic
 + Level 5.6 Evocations


You had 16 spell levels left.
You knew the following spells:

 Your Spells              Type           Power        Failure   Level  Hunger
a - Freeze                Ice            ####         1%          1    None
b - Summon Ice Beast      Ice/Summ       ######..     1%          4    ##.....
c - Ozocubu's Armour      Chrm/Ice       #####...     1%          3    None
d - Throw Icicle          Conj/Ice       ######..     1%          4    ##.....


Dungeon Overview and Level Annotations

Branches:
Dungeon (12/15)            Temple (0/1) D:7             Orc (3/4) D:12
   Lair (8/8) D:9           Swamp (0/5) Lair:3        Snake (0/5) Lair:6
  Slime (0/6) Lair:8
    Elf: Orc:3-4


Innate Abilities, Weirdness & Mutations

You have a beak for a mouth.


Message History

A chill wind blows around you.
The orc warrior barely misses your ice beast.
The orc warrior hits your ice beast with a war axe!!
Your ice beast hits the orc warlord.
Your ice beast freezes the orc warlord!
The orc closely misses your ice beast.
The orc warlord hits you with a glowing long sword!
Your ice beast hits the orc warlord but does no damage.
The orc hits your ice beast but does no damage.
The orc warlord roars a battle-cry!
The orc warrior goes into a battle-frenzy!
Your ice beast hits the orc warrior.
Your ice beast freezes the orc warrior!!
The orc warrior dies!
Evoke which item? (* to show all) (? for menu, Esc to quit)
Zapping:
U - a wand of invisibility {zapped: 2}
Press: ? - help, Shift-Dir - straight line, f - you, p - orc warlord You fade into invisibility!
Your ice beast hits the orc warlord but does no damage.
The orc warlord hits you with a glowing long sword!!!
You die...

### # # ##..##### ##.##### ....
#...# ##...#..## ..... #..##
##........## ....###.o#######
#..........#####....##.........#
###...[.....##..#....###..o.....#
#...................# ##....≈...
#......[............# #≈..≈≈..#
......[#...[....@...# ##...≈≈...
)..%..##...)>...o.### #≈...≈≈≈..
[...[####..)[..YYY# ###.......#
#.)...# ##.....o).# #≈....##..#
#.....###.........#####..o.## #≈#
#...................##....## ##
#...<.......#.#.....##...##
##..).......###....).#..##
.(##........# ##...).#..##


You could see an orc warlord, an orc (frenzied) and 3 friendly ice beasts.

Vanquished Creatures
  An orc high priest (Orc:3)
  A death yak (Lair:4)
  Erolcha (Orc:1)
  A deep troll (Orc:2)
  2 hill giants
  Pikel (D:4)
  3 black mambas
  2 elephants (Lair:8)
  5 spiny frogs
  A torpor snail (Lair:6)
  A komodo dragon (Lair:8)
  2 fire drakes (Lair:8)
  A spriggan druid (Lair:8)
  3 trolls (Orc:2)
  2 two-headed ogres (Orc:2)
  6 polar bears
  A griffon zombie (D:11)
  A basilisk (Lair:2)
  2 blink frogs
  11 yaks
  A deep elf mage (D:12)
  A hill giant zombie (D:9)
  A hog (Lair:8)
  5 hippogriffs
  10 wolves
  3 wargs
  7 porcupines
  A hell hound (Lair:8)
  A sky beast (D:9)
  10 orc warriors
  16 water moccasins
  5 black bears
  A phantom (D:9)
  5 necrophages
  A centaur (D:7)
  21 ice beasts
  8 crocodiles
  7 ogres
  2 yellow wasps
  8 giant frogs
  3 elf zombies (Ossuary)
  Blork the orc (Orc:1)
  A big kobold (D:9)
  A yaktaur skeleton (D:11)
  An eye of draining (Lair:8)
  3 scorpions
  4 killer bees
  3 wights (D:4)
  14 hounds
  3 crimson imps
  A goliath beetle (D:6)
  2 human zombies (Ossuary)
  3 jellies
  3 giant frog skeletons
  4 iguanas
  15 orc priests
  An elf skeleton (D:8)
  19 orc wizards
  3 worker ants
  5 sheep
  Jessica (D:3)
  A big kobold zombie (Ossuary)
  A hound zombie (Ossuary)
  A necrophage skeleton (D:9)
  4 mummies
  10 gnolls
  18 green rats
  22 adders
  5 shadow imps
  2 white imps (Lair:5)
  2 worms
  3 adder zombies (Ossuary)
  An ooze (D:6)
  86 orcs
  A ball python (D:2)
  21 bats
  A bat zombie (D:5)
  8 giant cockroaches
  A gnoll zombie (Ossuary)
  20 hobgoblins
  11 jackals
  17 kobolds
  13 quokkas
  5 giant newts
  18 goblins
  A goblin zombie (Ossuary)
  5 hobgoblin zombies
  4 jackal zombies (Ossuary)
  5 kobold zombies (Ossuary)
  5 orc zombies
  A quokka skeleton (D:5)
  6 quokka zombies (Ossuary)
  15 rats
  3 rat zombies (Ossuary)
  11 fungi
581 creatures vanquished.

Vanquished Creatures (collateral kills)
  Maud (Lair:7)
  Snorg (Lair:7)
  5 hydras
  A death yak (Lair:4)
  Urug (D:10)
  Nergalle (D:10)
  A catoblepas (D:10)
  An ice statue (Lair:5)
  2 wolf spiders (Lair:8)
  2 ugly things (D:11)
  4 oklob plants (Lair:8)
  3 griffons
  12 elephants
  A guardian serpent (Lair:8)
  7 black mambas
  14 spiny frogs
  A gargoyle (D:11)
  A fire drake (Lair:6)
  4 komodo dragons
  2 trolls (Orc:3)
  Sonja (D:10)
  6 blink frogs
  5 polar bears (Lair:8)
  2 basilisks
  5 boulder beetles
  25 yaks
  9 hogs
  A wyvern (D:11)
  A human (D:7)
  7 hippogriffs
  3 wargs (Lair:8)
  2 nagas (Lair:6)
  3 hell hounds (Lair:8)
  17 wolves
  A swamp worm (Lair:3)
  4 porcupines
  12 water moccasins
  3 ice beasts (Lair:5)
  2 sky beasts
  10 orc warriors
  4 wandering mushrooms
  A phantom (D:11)
  5 black bears (Lair:8)
  2 spiders (Lair:8)
  A manticore zombie (D:8)
  3 yellow wasps (Lair:8)
  3 ogres
  3 necrophages (Lair:2)
  6 crocodiles
  A boring beetle (Lair:8)
  6 giant frogs
  A gnoll sergeant (D:8)
  5 killer bees
  A goliath beetle (D:8)
  A centaur zombie (D:10)
  A crimson imp (D:8)
  14 hounds
  3 orc priests
  4 worker ants
  An iguana (Lair:3)
  8 orc wizards
  A statue (D:7)
  7 sheep
  11 adders
  2 gnolls (D:8)
  20 green rats
  An orc skeleton (D:9)
  2 white imps (Lair:5)
  An adder zombie (D:6)
  An iguana zombie (D:8)
  65 orcs
  A bat skeleton (D:7)
  A giant cockroach (D:8)
  2 hobgoblins (Orc:1)
  4 jackals
  2 quokkas
  2 goblins
  5 kobolds (D:9)
  3 spectral orcs (D:10)
  3 fungi
  3 plants (Lair:8)
395 creatures vanquished.

Vanquished Creatures (others)
  A trapdoor spider (Lair:8)
  170 ice beasts
  13 spiders
  2 giant mites
  39 fungi
  20 plants (Lair:8)
245 creatures vanquished.

Grand Total: 1221 creatures vanquished

Notes
Turn   | Place    | Note
--------------------------------------------------------------
     0 | D:1      | Johnny, the Demigod Ice Elementalist, began the quest for the Orb.
     0 | D:1      | Reached XP level 1. HP: 14/14 MP: 3/3
   259 | D:1      | Reached XP level 2. HP: 4/22 MP: 2/4
   618 | D:1      | Reached skill level 3 in Ice Magic
   876 | D:2      | Found an ancient bone altar of Kikubaaqudgha.
   884 | D:2      | Reached skill level 1 in Fighting
   884 | D:2      | Reached XP level 3. HP: 18/28 MP: 0/7
  1516 | D:3      | Reached XP level 4. HP: 35/35 MP: 10/10
  1522 | D:3      | Learned a level 4 spell: Summon Ice Beast
  1583 | D:3      | Noticed Jessica
  1590 | D:3      | Killed Jessica
  1714 | D:3      | Found a stormy altar of Qazlal.
  1749 | D:3      | Noticed an ogre
  1843 | D:3      | Killed an ogre
  1843 | D:3      | Reached skill level 1 in Armour
  1843 | D:3      | Reached skill level 1 in Summonings
  1843 | D:3      | Reached skill level 1 in Evocations
  1843 | D:3      | Reached XP level 5. HP: 39/41 MP: 8/12
  2577 | D:4      | Reached XP level 6. HP: 46/48 MP: 10/15
  2671 | D:4      | Got a twisted hand axe
  2674 | D:4      | Identified the +8 hand axe of Isim {flame, rPois rF+ Dex+4 Curse} (You found it on level 4 of the Dungeon)
  2695 | D:4      | Learned a level 4 spell: Throw Icicle
  2781 | D:4      | Reached skill level 1 in Conjurations
  3025 | D:4      | Noticed Pikel
  3025 | D:4      | Noticed a slave
  3025 | D:4      | Noticed a slave
  3026 | D:4      | Noticed a slave
  3026 | D:4      | Noticed a slave
  3042 | D:4      | Killed Pikel
  3042 | D:4      | Reached skill level 1 in Axes
  3042 | D:4      | Reached skill level 4 in Ice Magic
  3042 | D:4      | Reached XP level 7. HP: 40/57 MP: 11/19
  3106 | D:4      | Found a bloodstained altar of Trog.
  3337 | D:4      | Found a glowing silver altar of Zin.
  3389 | D:5      | Entered Level 5 of the Dungeon
  3549 | D:5      | Reached XP level 8. HP: 45/63 MP: 17/20
  3932 | D:6      | Found a basalt altar of Yredelemnul.
  4610 | D:7      | Found a sand-covered staircase.
  4623 | Ossuary  | Entered an ossuary
  4884 | Ossuary  | Reached skill level 5 in Ice Magic
  5475 | D:7      | Reached XP level 9. HP: 32/71 MP: 10/23
  5675 | D:7      | Found a sparkling altar of Nemelex Xobeh.
  5726 | D:7      | Found a bloodstained altar of Trog.
  5726 | D:7      | Found a shimmering altar of Xom.
  5769 | D:7      | Found a radiant altar of Vehumet.
  5891 | D:7      | Found a staircase to the Ecumenical Temple.
  6412 | D:8      | Noticed an ice devil
  6629 | D:8      | Gained mutation: You have a beak for a mouth. [potion of beneficial mutation]
  7227 | D:8      | Got a pitted falchion
  7228 | D:8      | Identified the +9 falchion of Modesty {slice, rPois MR+ SInv} (You found it on level 8 of the Dungeon)
  7511 | D:9      | Found a staircase to the Lair.
  7737 | D:9      | Reached skill level 5 in Spellcasting
  7917 | D:9      | Found a blossoming altar of Fedhas.
  7940 | D:9      | Reached skill level 1 in Long Blades
  8727 | Lair:1   | Entered Level 1 of the Lair of Beasts
  8730 | Lair:1   | Reached XP level 10. HP: 80/80 MP: 20/25
  9232 | Lair:1   | Noticed a black mamba
  9243 | Lair:1   | Killed a black mamba
  9243 | Lair:1   | Reached skill level 6 in Ice Magic
  9646 | Lair:1   | Reached skill level 5 in Fighting
  9968 | Lair:2   | Noticed a griffon
  9978 | Lair:2   | Killed a griffon
 10621 | Lair:2   | Reached skill level 5 in Conjurations
 10621 | Lair:2   | Reached skill level 5 in Summonings
 11740 | Lair:3   | Learned a level 3 spell: Ozocubu's Armour
 12036 | Lair:3   | Found a staircase to the Swamp.
 12280 | Lair:4   | Noticed a death yak
 12299 | Lair:4   | Killed a death yak
 12299 | Lair:4   | Reached XP level 11. HP: 42/82 MP: 7/27
 12468 | Lair:4   | Reached skill level 1 in Charms
 12662 | Lair:4   | Noticed a death yak
 12689 | Lair:4   | Killed a death yak
 13108 | Lair:4   | Noticed a five-headed hydra
 13127 | Lair:4   | Identified a scroll of acquirement
 13374 | Lair:4   | Killed a five-headed hydra
 14930 | Lair:5   | Reached skill level 7 in Ice Magic
 15420 | Lair:5   | Reached skill level 5 in Dodging
 15844 | Lair:5   | Noticed a six-headed hydra
 15849 | Lair:5   | Killed a six-headed hydra
 15849 | Lair:5   | Reached skill level 5 in Stealth
 17212 | Lair:6   | Found a staircase to the Snake Pit.
 17417 | Lair:6   | Reached XP level 12. HP: 64/90 MP: 29/29
 17459 | Lair:6   | Noticed a six-headed hydra
 17471 | Lair:6   | Killed a six-headed hydra
 18647 | Lair:7   | Noticed Snorg
 18658 | Lair:7   | Killed Snorg
 18739 | Lair:7   | Noticed Maud
 18763 | Lair:7   | Killed Maud
 19544 | Lair:8   | Entered Level 8 of the Lair of Beasts
 19595 | Lair:8   | Found a staircase to the Slime Pits.
 20179 | Lair:8   | Reached skill level 5 in Evocations
 21775 | Lair:8   | Got an ichor-stained morningstar
 21776 | Lair:8   | Identified the cursed -1 morningstar "Qathixutt" {drain, Str+3 Int+4} (You found it on level 8 of the Lair of Beasts)
 21846 | Lair:8   | Reached skill level 5 in Armour
 21870 | Lair:8   | Noticed an eight-headed hydra
 21882 | Lair:8   | Killed an eight-headed hydra
 21882 | Lair:8   | Reached skill level 5 in Long Blades
 22461 | Lair:8   | Reached skill level 8 in Ice Magic
 22773 | Lair:8   | Reached XP level 13. HP: 64/98 MP: 23/31
 22876 | Lair:8   | Noticed an eight-headed hydra
 22884 | Lair:8   | Killed an eight-headed hydra
 25817 | Lair:5   | Reached skill level 5 in Charms
 26115 | D:10     | Entered Level 10 of the Dungeon
 26220 | D:10     | Noticed Sonja
 26220 | D:10     | Noticed Urug
 26242 | D:10     | Killed Sonja
 26254 | D:10     | Killed Urug
 26564 | D:10     | Found a shadowy altar of Dithmenos.
 26707 | D:10     | Noticed Nergalle
 26724 | D:10     | Killed Nergalle
 28187 | D:12     | Found a staircase to the Orcish Mines.
 28498 | Orc:1    | Entered Level 1 of the Orcish Mines
 28916 | Orc:1    | Noticed Erolcha
 28917 | Orc:1    | Noticed Blork the orc
 28926 | Orc:1    | Killed Blork the orc
 28931 | Orc:1    | Killed Erolcha
 29659 | Orc:2    | Found a roughly hewn altar of Beogh.
 30462 | Orc:3    | Found a roughly hewn altar of Beogh.
 30781 | Orc:3    | Noticed an orc warlord
 30859 | Orc:3    | Slain by an orc warlord

Action                   |  1- 3 |  4- 6 |  7- 9 | 10-12 | 13-15 || total
-------------------------+-------+-------+-------+-------+-------++-------
Melee: Dagger            |   149 |    43 |       |       |       ||   192
       Unarmed           |     1 |       |       |       |       ||     1
       Hand axe          |       |    31 |   319 |       |       ||   350
       Falchion          |       |       |   137 |   452 |   434 ||  1023
 Cast: Freeze            |    21 |    70 |     3 |     8 |       ||   102
       Summon Ice Beast  |       |       |    62 |   327 |   184 ||   573
       Throw Icicle      |       |       |     3 |    49 |    83 ||   135
Evoke: Wand              |       |     4 |     3 |     5 |    11 ||    23
       Sack of spiders   |       |       |       |     9 |     7 ||    16
       Stone of tremors  |       |       |       |       |     1 ||     1
  Use: Scroll            |       |     8 |    10 |    13 |     7 ||    38
       Potion            |       |       |     8 |     4 |     3 ||    15
 Stab: Sleeping          |     2 |     4 |     6 |     6 |     6 ||    24
       Invisible         |       |       |     3 |       |       ||     3
       Distracted        |       |       |     3 |     7 |     6 ||    16
  Eat: Chunk             |     2 |     5 |    16 |    65 |    35 ||   123
       Fruit             |       |       |     4 |     6 |     3 ||    13
       Pizza             |       |       |     2 |       |       ||     2
       Beef jerky        |       |       |     3 |     4 |       ||     7
       Meat ration       |       |       |     1 |       |       ||     1
